 Dungeon Crawl Stone Soup version 0.29-a0-553-g81b289dbe5 (webtiles) character file.

Game seed: 16869485185962270173

40 shadowstone the Skirmisher (level 3, -1/24 HPs)
             Began as a Gargoyle Fighter on June 6, 2022.
             Slain by an iguana (6 damage)
             ... on level 2 of the Dungeon.
             The game lasted 00:02:49 (802 turns).

shadowstone the Skirmisher (Gargoyle Fighter)        Turns: 802, Time: 00:02:50

Health: -1/24      AC: 12    Str: 21    XL:     3   Next: 50%
Magic:  3/3        EV: 10    Int:  8    God:
Gold:   61         SH:  4    Dex:  9    Spells: 2/2 levels left

rFire   . . .      SeeInvis .   a - +0 long sword
rCold   . . .      Faith    .   c - +0 buckler
rNeg    + . .      Spirit   .   g - +2 ring mail {Will+}
rPois   ∞          Reflect  .   (no helmet)
rElec   +          Harm     .   (no cloak)
rCorr   .          Rampage  .   h - +0 pair of gloves
Will    +....                   (no boots)
Stlth   ..........              (no amulet)
HPRegen 0.08/turn               (no ring)
MPRegen 0.08/turn               (no ring)

@: no status effects
A: sickness immunity, AC +3, negative energy resistance 1, electricity
resistance, torment resistance 1, petrification resistance
a: no special abilities


You were on level 2 of the Dungeon.
You visited 1 branch of the dungeon, and saw 2 of its levels.

You collected 61 gold pieces.

Inventory:

Hand Weapons
 a - a +0 long sword (weapon)
Armour
 b - a +0 scale mail
 c - a +0 buckler (worn)
 g - a +2 ring mail of willpower (worn)
 h - a +0 pair of gloves (worn)
Scrolls
 e - 3 scrolls of identify {unknown}
 f - a scroll of fog {unknown}
 i - a scroll of brand weapon {unknown}
 j - a scroll of enchant weapon {unknown}
 k - a scroll of teleportation {unknown}
Potions
 d - 2 potions of might
 l - a potion of curing {unknown}
 m - a potion of lignification {unknown}


   Skills:
 + Level 3.8 Fighting
 + Level 2.4 Long Blades
 + Level 3.7 Armour
 + Level 0.1 Dodging
 + Level 3.4 Shields


You had 2 spell levels left.
You didn't know any spells.
Your spell library contained the following spells:

 Spells                   Type           Power      Damage    Failure   Level
 Foxfire                  Conj/Fire      0%         2x1d4     67%         1
 Conjure Flame            Conj/Fire      0%         6-21      95%         3
 Inner Flame              Hex/Fire       0%         N/A       95%         3
 Flame Wave               Conj/Fire      0%         2d4       100%        4


Dungeon Overview and Level Annotations

Branches:
Dungeon (2/15)

Altars:
Xom


Innate Abilities, Weirdness & Mutations

You are immune to sickness and miasma.
Your stone body is resilient. (AC +3)
You are immune to poison.
You resist negative energy. (rN+)
You are resistant to electric shocks. (rElec)
You are resistant to unholy torment.
You are immune to petrification.


Message History

An iguana comes into view.
The iguana hisses angrily.
The iguana bites you. You block the iguana's attack. The iguana misses you.
The iguana bites you.
You barely miss the iguana.
The iguana bites you but does no damage.
You hit the iguana.
The iguana is moderately wounded.
The iguana bites you. The iguana barely misses you.
You hit the iguana but do no damage.
The iguana is moderately wounded.
The iguana bites you but does no damage.
You hit the iguana.
The iguana is heavily wounded.
The iguana bites you.
You hit the iguana but do no damage.
The iguana is heavily wounded.
The iguana bites you but does no damage.
The iguana bites you.
* * * LOW HITPOINT WARNING * * *
You hit the iguana.
The iguana is severely wounded.
You block the iguana's attack.
You barely miss the iguana.
The iguana is severely wounded.
The iguana bites you but does no damage.
You hit the iguana.
The iguana is almost dead.
The iguana bites you but does no damage.
You block the iguana's attack.
You closely miss the iguana.
The iguana is almost dead.
The iguana bites you.
* * * LOW HITPOINT WARNING * * *
You closely miss the iguana.
The iguana is almost dead.
The iguana bites you.
You die...

##### #...#
... ... #.#
#.#
###.#######.
#..@........
#.#l########
#.#..#
###.##.#
#>..# .#
#.### .. #.#
.## #.# .#
#.#


You could see an iguana.

Vanquished Creatures
  2 adders (D:2)
  A bat (D:1)
  4 endoplasms
  A giant cockroach (D:1)
  3 goblins (D:1)
  2 hobgoblins (D:1)
  2 quokkas
  A kobold (D:2)
  5 rats
21 creatures vanquished.

Notes
Turn   | Place    | Note
-------+----------+-------------------------------------------
     0 | D:1      | shadowstone the Gargoyle Fighter began the quest for the
                  | Orb.
     0 | D:1      | Reached XP level 1. HP: 14/14 MP: 1/1
   169 | D:1      | Reached XP level 2. HP: 18/19 MP: 2/2
   609 | D:2      | Found a shimmering altar of Xom.
   617 | D:2      | Reached XP level 3. HP: 24/24 MP: 3/3
   802 | D:2      | Slain by an iguana

Illustrated notes

Levels and vault maps discovered:
D:1:      mrwooster_arrival_statue, layout_basic, minmay_shallow_snake_nest
D:2:      layout_loops_ring, basic_altar, shapermc_ecumenical_altar_notcrosses,
          chequers_decorated_corner

Skill      XL: |  1  2 |
---------------+-------+-----
Long Blades    | 2 |  2.4
Fighting       | |  3.8
Armour         | |  3.7
Dodging        | |  0.1
Shields        | |  3.4

Action                   || total
-------------------------++-------
Melee: Long sword        ||    71
Armor: Scale mail        ||    18
       Ring mail         ||    53
Dodge: Dodged            ||    79
Block: Buckler           ||    28

Table legend: (Time is in decaauts)
 A = Elapsed time spent in this place.
 B = Non-inter-level travel time spent in this place.
 C = Inter-level travel time spent in this place.
 D = Time resting spent in this place.
 E = Time spent auto-exploring this place.
 F = Levels seen in this place.
 G = Mean time per level.
                   A        B        C        D        E       F      G
               +--------+--------+--------+--------+--------+-----+--------+
         Total |    825 |    821 |      4 |    153 |      0 |   2 |  412.5 |
       Dungeon |    825 |    821 |      4 |    153 |      0 |   2 |  412.5 |
               +--------+--------+--------+--------+--------+-----+--------+

Top non-repeatable levels by time:
     D:1: 566 daAuts
     D:2: 258 daAuts
